 Dungeon Crawl Stone Soup version 0.26.1-11-gd32895ea62 (webtiles) character file.

Game seed: 7163520866999327704

10752 Zeld the Earth Mage (level 11, -2/54 HPs)
             Began as a Gargoyle Earth Elementalist on June 7, 2021.
             Was a Believer of Sif Muna.
             Slain by a yak (3 damage)
             ... on level 10 of the Dungeon.
             The game lasted 00:25:24 (17985 turns).

Zeld the Earth Mage (Gargoyle Earth Elementalist)  Turns: 17985, Time: 00:25:24

Health: -2/54      AC: 13    Str: 17    XL:     11   Next: 67%
Magic:  14/23      EV: 15    Int: 20    God:    Sif Muna [**....]
Gold:   124        SH:  0    Dex: 10    Spells: 12/27 levels left

rFire    . . .     SeeInvis .   a - +4 quarterstaff (chaos)
rCold    . . .     Faith    .   (shield currently unavailable)
rNeg     + . .     Spirit   .   c - +0 robe
rPois    ∞         Reflect  .   p - +0 helmet
rElec    +         Harm     .   I - +0 cloak
rCorr    +         Rampage  .   G - +0 pair of gloves
Will     .....                  C - -1 pair of boots of Too Many Cooks {Regen+ Str+6}
Stlth    ++........             (no amulet)
HPRegen  0.58/turn              o - ring of wizardry
MPRegen  0.18/turn              t - ring of resist corrosion

@: no status effects
A: negative energy resistance 1, electricity resistance, unbreathing,
petrification resistance, miasma immunity, AC +8
a: Renounce Religion, Channel Magic


You were on level 10 of the Dungeon.
You worshipped Sif Muna.
Sif Muna was pleased with you.
You visited 2 branches of the dungeon, and saw 12 of its levels.

You collected 500 gold pieces.
You spent 376 gold pieces at shops.

Inventory:

Hand Weapons
 a - a +4 quarterstaff of chaos (weapon)
Missiles
 n - 18 stones (quivered)
Armour
 c - a +0 robe (worn)
 p - a +0 helmet (worn)
 C - the -1 pair of boots of Too Many Cooks (worn) {Regen+ Str+6}
   (You found it on level 5 of the Dungeon)

   It affects your strength (+6).
   It increases your rate of regeneration.
 G - a +0 pair of gloves (worn)
 I - a +0 cloak (worn)
Jewellery
 o - a ring of wizardry (left hand)
 q - a cursed amulet of inaccuracy {unknown}
 t - a ring of resist corrosion (right hand)
Wands
 m - a wand of polymorph (4)
 K - a wand of iceblast (3)
Scrolls
 b - 7 scrolls of teleportation
 e - a scroll of fear
 i - 5 scrolls of remove curse
 x - a scroll of summoning {unknown}
 A - 3 scrolls of blinking {unknown}
 B - 5 scrolls of enchant armour {unknown}
 H - a scroll of torment {unknown}
 J - a scroll of silence {unknown}
Potions
 d - 5 potions of degeneration {unknown}
 f - 6 potions of curing {unknown}
 g - 3 potions of magic {unknown}
 h - a potion of berserk rage {unknown}
 j - 6 potions of heal wounds
 k - 2 potions of mutation {unknown}
 l - a potion of experience {unknown}
 r - 3 potions of cancellation {unknown}
 s - a potion of might {unknown}
 u - a potion of brilliance {unknown}
 v - 2 potions of resistance
 z - 2 potions of attraction {unknown}
 D - 2 potions of ambrosia
 E - a potion of invisibility
 F - 2 potions of haste


   Skills:
 - Level 7.0 Dodging
 - Level 2.1 Stealth
 + Level 8.9 Spellcasting
 - Level 0.7 Transmutations
 * Level 15.3 Earth Magic


You had 12 spell levels left.
You knew the following spells:

 Your Spells              Type           Power        Failure   Level
a - Sandblast             Erth           100%         0%          1
b - Passwall              Tmut/Erth      34%          1%          2
c - Stone Arrow           Conj/Erth      78%          1%          3
d - Petrify               Tmut/Erth      41%          1%          4
e - Lee's Rapid Deconstr  Erth           31%          1%          5

Your spell library contained the following spells:

 Spells                   Type           Power        Failure   Level
 Foxfire                  Conj/Fire      32%          3%          1
 Summon Small Mammal      Summ           32%          3%          1
 Call Imp                 Summ           8%           4%          2
 Call Canine Familiar     Summ           8%           10%         3
 Confusing Touch          Hex            8%           10%         3
 Conjure Flame            Conj/Fire      8%           10%         3
 Gell's Gravitas          Tloc           4%           10%         3
 Inner Flame              Hex/Fire       8%           10%         3
 Summon Guardian Golem    Hex/Summ       8%           10%         3
 Sticky Flame             Conj/Fire      8%           30%         4
 Summon Ice Beast         Ice/Summ       8%           30%         4
 Summon Lightning Spire   Summ/Air       8%           30%         4
 Yara's Violent Unravell  Hex/Tmut       5%           56%         5
 Fireball                 Conj/Fire      4%           61%         5
 Metabolic Englaciation   Hex/Ice        4%           61%         5


Dungeon Overview and Level Annotations

Branches:
Dungeon (11/15)            Temple (1/1) D:6            Lair (0/6) D:9
    Orc: D:9-12

Altars:
Ashenzari
Cheibriados
Dithmenos
Elyvilon
Fedhas
Gozag
Hepliaklqana
Kikubaaqudgha
Makhleb
Nemelex Xobeh
Okawaru
Qazlal
Ru
Sif Muna
Trog
Uskayaw
Vehumet
Wu Jian
Xom
Yredelemnul
Zin
The Shining One

Shops:
D:7 [   D:9 (   D:10 !

Annotations:
D:7 3 runed translucent doors, MyelinatedAxon's ghost, novice MiGl


Innate Abilities, Weirdness & Mutations

You are resistant to torment.
Your stone body is resilient. (AC +8)
You are immune to poison.
You resist negative energy. (rN+)
You are resistant to electric shocks. (rElec)
You can survive without breathing.
You are immune to petrification.
You are immune to miasma.


Message History

The blast of rock fragments hits the yak!
You kill the yak!
Sif Muna accepts your kill. The yak misses you. The yak gores you!
Unknown command.
The yak closely misses you. The yak closely misses you.
You hit the yak but do no damage.
The yak seems to speed up.
The yak gores you! The yak gores you. The yak barely misses you.
The yak misses you. The yak gores you.
You hit the yak.
The yak suddenly seems more agile.
The yak is lightly wounded.
The yak gores you.
* * * LOW HITPOINT WARNING * * *
The yak closely misses you. The yak gores you!
* * * LOW HITPOINT WARNING * * *
The yak gores you.
* * * LOW HITPOINT WARNING * * *
The yak gores you.
You die...

#.##...B......###..#.
#.##>#.#####.#.#...#.
#.##.#.# #.........
#.##.#.# #######.#.
#.##†#.# #.#. #...<..#
#######... ####.###
#.....#### ##.YY## #.....#
# #..@..# #.....# #
#..Y..# #.....# # #.....#
#.....#### ##...##
###.##.... ####.###
##.##.### #......#
##...#.... #.##.#.#
##.........
######.##.#.####........#.
#......##.................


You could see 3 yaks.

Vanquished Creatures
  2 two-headed ogres (D:9)
  An ugly thing (D:6)
  3 trolls
  Grinder (D:3)
  A blink frog (D:10)
  A hornet (D:11)
  Sigmund (D:3)
  2 wyverns
  A wraith (D:10)
  Grum (D:10)
  15 yaks
  4 water moccasins
  Menkaure (D:6)
  A naga (D:6)
  An orc warrior (D:8)
  7 sky beasts
  3 black bears
  An ice beast (D:10)
  A necrophage (D:5)
  4 ogres
  2 phantoms
  2 wolves (D:10)
  3 centaurs
  Blork the orc (D:6)
  8 bullfrogs
  A wyvern zombie (D:11)
  A scorpion (D:7)
  3 wights (D:9)
  2 howler monkeys (D:9)
  A centaur zombie (D:8)
  7 hounds
  A jelly (D:9)
  Crazy Yiuf (D:6)
  3 orc wizards
  2 orc priests
  A bullfrog skeleton (D:10)
  A centaur skeleton (D:5)
  Terence (D:3)
  2 iguanas
  Natasha (thrice) (D:2)
  8 worker ants
  A killer bee zombie (D:9)
  A hound skeleton (D:9)
  2 worker ant zombies (D:10)
  Robin (D:2)
  14 gnolls
  A howler monkey skeleton (D:7)
  10 adders
  A shadow imp (D:5)
  3 white imps
  2 ufetubi (D:6)
  2 adder skeletons
  2 worms (D:2)
  3 dart slugs
  8 leopard geckos
  38 orcs
  7 bats
  5 giant cockroaches
  16 goblins
  19 hobgoblins
  13 jackals
  7 kobolds
  5 quokkas
  2 ball pythons (D:3)
  4 frilled lizards
  A jackal zombie (D:5)
  A leopard gecko skeleton (D:4)
  A leopard gecko zombie (D:6)
  7 rats
283 creatures vanquished.

Vanquished Creatures (others)
  A quokka (D:7)
  51 fungi (D:9)
  57 plants (D:9)
109 creatures vanquished.

Grand Total: 392 creatures vanquished

Notes
Turn   | Place    | Note
-------+----------+-------------------------------------------
     0 | D:1      | Zeld the Gargoyle Earth Elementalist began the quest for
                  | the Orb.
     0 | D:1      | Reached XP level 1. HP: 10/10 MP: 3/3
   260 | D:1      | Reached skill level 4 in Earth Magic
   260 | D:1      | Reached XP level 2. HP: 15/15 MP: 3/5
   267 | D:1      | Learned a level 2 spell: Passwall
   671 | D:1      | Reached XP level 3. HP: 19/19 MP: 4/6
   679 | D:1      | Learned a level 3 spell: Stone Arrow
   938 | D:2      | Noticed Natasha
   944 | D:2      | Killed Natasha
  1049 | D:2      | Reached XP level 4. HP: 19/24 MP: 0/7
  1399 | D:2      | Reached skill level 5 in Earth Magic
  1485 | D:2      | Noticed Natasha
  1611 | D:2      | Killed Natasha
  1645 | D:2      | Noticed Natasha
  1661 | D:2      | Reached XP level 5. HP: 28/28 MP: 7/9
  1880 | D:2      | Killed Natasha
  2112 | D:2      | Noticed Robin
  2227 | D:2      | Killed Robin
  2680 | D:3      | Learned a level 4 spell: Petrify
  2714 | D:3      | Noticed Terence
  2724 | D:3      | Killed Terence
  2807 | D:3      | Reached skill level 6 in Earth Magic
  2985 | D:3      | Noticed Grinder
  3000 | D:3      | Killed Grinder
  3001 | D:3      | Reached XP level 6. HP: 28/32 MP: 3/11
  3225 | D:3      | Reached skill level 7 in Earth Magic
  3225 | D:3      | Reached XP level 7. HP: 36/36 MP: 5/12
  3901 | D:3      | Noticed Sigmund
  3910 | D:3      | Killed Sigmund
  4272 | D:4      | Reached skill level 8 in Earth Magic
  4760 | D:5      | Entered Level 5 of the Dungeon
  4801 | D:5      | Reached XP level 8. HP: 41/41 MP: 10/14
  4807 | D:5      | Learned a level 5 spell: Lee's Rapid Deconstruction
  5117 | D:5      | Found a broken altar of Ashenzari.
  5117 | D:5      | Found a snail-covered altar of Cheibriados.
  5125 | D:5      | Found a hazy altar of Hepliaklqana.
  5127 | D:5      | Found a stormy altar of Qazlal.
  5426 | D:5      | Found a sacrificial altar of Ru.
  5455 | D:5      | Reached skill level 9 in Earth Magic
  5539 | D:5      | Found a glowing golden altar of the Shining One.
  5565 | D:5      | Got a pair of fading boots
  5571 | D:5      | Identified the -1 pair of boots of Too Many Cooks {Regen+
                  | Str+6} (You found it on level 5 of the Dungeon)
  5598 | D:5      | Reached skill level 5 in Spellcasting
  5968 | D:6      | Found a staircase to the Ecumenical Temple.
  5975 | Temple   | Entered the Ecumenical Temple
  6062 | Temple   | Became a worshipper of Sif Muna the Loreminder
  6254 | D:6      | Noticed Menkaure
  6256 | D:6      | Killed Menkaure
  6316 | D:6      | Reached skill level 10 in Earth Magic
  6380 | D:6      | Noticed Maggie
  6389 | D:6      | Noticed Maggie
  6389 | D:6      | Maggie changed into Maggie the naga
  6799 | D:6      | Reached XP level 9. HP: 45/45 MP: 10/17
  6923 | D:6      | Noticed Blork the orc
  6947 | D:6      | Killed Blork the orc
  6948 | D:6      | Reached skill level 5 in Dodging
  7287 | D:6      | Found a sparkling altar of Nemelex Xobeh.
  7488 | D:6      | Found a runed translucent door.
  7489 | D:6      | Noticed Crazy Yiuf
  7722 | D:6      | Killed Crazy Yiuf
  7914 | D:6      | Found a sparkling altar of Nemelex Xobeh.
  8019 | D:6      | Found a staircase to the Ecumenical Temple.
  8349 | D:6      | Killed Maggie the naga
  8599 | D:7      | Noticed a green ugly thing
  8617 | D:7      | Found a white marble altar of Elyvilon.
  9105 | D:7      | Found Ynekhlan's Armour Boutique.
  9108 | D:7      | Noticed a two-headed ogre
  9474 | D:7      | Found a basalt altar of Yredelemnul.
  9609 | D:7      | Bought a +0 pair of gloves for 54 gold pieces
  9674 | D:7      | Found a runed translucent gate.
  9674 | D:7      | Found a runed translucent gate.
  9674 | D:7      | Found a runed translucent gate.
  9675 | D:7      | Noticed MyelinatedAxon's ghost (novice MiGl)
  9689 | D:7      | Found an iron altar of Okawaru.
 10102 | D:6      | Killed a green ugly thing
 10103 | D:6      | Reached skill level 11 in Earth Magic
 10399 | D:7      | Noticed a catoblepas
 10399 | D:7      | a two-headed ogre changed into a catoblepas
 12377 | D:9      | Found an opulent altar of Gozag.
 12391 | D:9      | Reached XP level 10. HP: 49/50 MP: 11/19
 12391 | D:9      | Reached * piety under Sif Muna
 12392 | D:9      | Reached skill level 12 in Earth Magic
 12649 | D:9      | Found a glowing silver altar of Zin.
 13716 | D:9      | Noticed a two-headed ogre
 13722 | D:9      | Killed a two-headed ogre
 13723 | D:9      | Reached skill level 13 in Earth Magic
 13817 | D:9      | Noticed a two-headed ogre
 13824 | D:9      | Killed a two-headed ogre
 13979 | D:9      | Found Desch's Weapon Shop.
 13983 | D:9      | Reached XP level 11. HP: 54/54 MP: 12/22
 14588 | D:9      | Found a staircase to the Lair.
 14592 | D:9      | Reached skill level 14 in Earth Magic
 14629 | D:9      | Reached ** piety under Sif Muna
 14895 | D:10     | Entered Level 10 of the Dungeon
 15204 | D:10     | Found Wufuch's Distillery.
 15210 | D:10     | Bought a potion of resistance for 140 gold pieces
 15210 | D:10     | Bought a potion of ambrosia for 112 gold pieces
 15210 | D:10     | Bought a potion of heal wounds for 70 gold pieces
 15957 | D:10     | Noticed Grum
 15966 | D:10     | Killed Grum
 16766 | D:10     | Reached skill level 15 in Earth Magic
 17407 | D:11     | Found the +9 scales of the Dragon King {rPois rF+ rC+
                  | Will+}
 17985 | D:10     | HP: 1/54 [yak (4)]
 17985 | D:10     | Slain by a yak

Illustrated notes

Levels and vault maps discovered:
D:1:      lordsloth_arrival_two_stooges, layout_basic, minmay_heptomino_l4
D:2:      layout_basic, uniq_robin, uniq_natasha
D:3:      layout_basic, uniq_terence, uniq_grinder, uniq_sigmund
D:4:      layout_loops_cross, grunt_ministairs_15
D:5:      layout_rooms, kennysheep_mini, chequers_temple_overflow_minitemple
D:6:      layout_basic, temple_green, basic_altar, uniq_blork_the_orc,
          uniq_menkaure, uniq_crazy_yiuf_cottage, uniq_maggie
D:7:      layout_rooms, general_overflow_altar, ebering_ghost_rock_garden,
          serial_shops, shop, basic_altar, minivault_25, elyvilon_altar_4
D:8:      layout_loops_ring
D:9:      layout_roguey, lemuel_crystal_altar, due_lair_maze_entry_diamond,
          basic_altar, serial_shops, shop
D:10:     layout_loops_cross, serial_shops, nicolae_shop_trees, uniq_grum
D:11:     layout_cross, serial_shops, shop, minmay_variable_closet
Temple:   eino_temple_water

Skill      XL: |  1  2  3  4  5  6  7  8  9 10 11 |
---------------+----------------------------------+-----
Earth Magic    | 4 5 6 7 8 10 11 13 15 | 15.3
Dodging        | 2 3 4 5 7 |  7.0
Spellcasting   | 3 4 5 6 7 8 |  8.9
Stealth        | |  2.1
Transmutations | |  0.7

Action                   |  1- 3 |  4- 6 |  7- 9 | 10-12 || total
-------------------------+-------+-------+-------+-------++-------
Melee: Unarmed           |     2 |     9 |    27 |       ||    38
       Quarterstaff      |       |       |    91 |    62 ||   153
 Cast: Sandblast         |    43 |    76 |   101 |     4 ||   224
       Stone Arrow       |       |       |    85 |   144 ||   229
       Petrify           |       |       |     1 |       ||     1
       Lee's Rapid Decon |       |       |    15 |    22 ||    37
Evoke: Wand              |       |       |     4 |     7 ||    11
  Use: Scroll            |       |       |    12 |     2 ||    14
       Potion            |       |       |     2 |       ||     2
 Stab: Paralysed         |       |       |       |     5 ||     5
Armor: Robe              |     9 |    14 |    95 |    57 ||   175
Dodge: Dodged            |    14 |    13 |   156 |   161 ||   344
